 Dungeon Sprint DCSS version 0.17-a0-2231-gd80ca38 (webtiles) character file.

0 Adamkad1 the Sneak (level 1, -2/9 HPs)
             Began as a Spriggan Conjurer on Oct 29, 2015.
             Was an Initiate of Vehumet.
             Killed from afar by Sigmund (8 damage)
             ... with a puff of flame
             ... in the Dungeon (Sprint VI: "Thunderdome").
             The game lasted 00:00:52 (138 turns).

Adamkad1 the Sneak (Spriggan Conjurer)               Turns: 138, Time: 00:00:52

Health: -2/9       AC:  2    Str:  4    XL:     1   Next: 41%
Magic:  4/5        EV: 18    Int: 16    God:    Vehumet [......]
Gold:   200        SH:  0    Dex: 16    Spells: 1 memorised, 4 levels left

rFire  . . .     SeeInvis +     (weapon restricted)
rCold  . . .     Clarity  .     a - +0 robe
rNeg   . . .     SustAt   .     (shield restricted)
rPois  .         Gourm    .     (helmet restricted)
rElec  .         Spirit   .     (no cloak)
rCorr  .         Warding  .     (gloves unavailable)
rMut   .         NoTele   +     (boots unavailable)
MR     .....                    (no amulet)
Stlth  +.........               (no ring)
                                (no ring)

@: confused, very quick, not resistant to hostile enchantments, very unstealthy
A: unfitting armour, see invisible, herbivore 3, speed 3, slow metabolism 2
a: Renounce Religion


You were in the Dungeon.
You worshipped Vehumet.
Vehumet was noncommittal.
You were not hungry.

You visited 1 branch You collected 200 gold pieces.

Inventory:

Armour
 a - a +0 robe (worn)
Wands
 j - a wand of cold (4)
 k - a wand of fire (4)
Scrolls
 i - 4 scrolls of blinking
 l - 3 scrolls of fog
Potions
 d - a potion of curing
 e - 4 potions of heal wounds
 f - 4 potions of haste
 g - 2 potions of magic
 h - a potion of berserk rage
 m - a potion of resistance
Books
 b - a book of Conjurations

   Spells                             Type                      Level
   a - Magic Dart                     Conjuration                  1
   b - Searing Ray                    Conjuration                  2
   c - Dazzling Spray                 Conjuration/Hexes            3
   d - Fulminant Prism                Conjuration/Hexes            4
   e - Iskenderun's Mystic Blast      Conjuration                  4
   f - Iskenderun's Battlesphere      Conjuration/Charms           5
Comestibles
 c - a bread ration


   Skills:
 + Level 0.1 Fighting
 + Level 3.2 Dodging
 - Level 3.4 Stealth
 - Level 0.1 Unarmed Combat
 * Level 2.8 Spellcasting
 * Level 3.4 Conjurations


You had 4 spell levels left.
You knew the following spells:

 Your Spells              Type           Power        Failure   Level  Hunger
a - Magic Dart            Conj           ##..         6%          1    #......


Dungeon Overview and Level Annotations

Branches:
Dungeon (1/1)

Altars:
Cheibriados
Gozag
Makhleb
Ru
Vehumet
Xom

Shops:
D !!!!

Annotations:
D Sigmund


Innate Abilities, Weirdness & Mutations

You are tiny and cannot use many weapons and most armour.
You have supernaturally acute eyesight.
You are a herbivore.
You cover ground extremely quickly.
You need consume almost no food.


Message History

Sigmund points at you and mumbles some strange words.
You are more confused.
Unknown command.
Sigmund misses you. Sigmund barely misses you. Sigmund casts a spell at you.
You resist with significant effort. Sigmund gestures at you while chanting.
You are more confused.
There is an entrance to Wikunog's Distillery here.
You bump into the stone wall.
You bump into the stone wall.
Sigmund closely misses you.
There is an opulent altar of Gozag here.
There is an opulent altar of Gozag here.
You bump into the stone wall.
Sigmund casts a spell at you. The puff of flame hits you!
Ouch! That really hurt!
You die...

... ...... ......._#
........#
##.........### ⌠..
........⌠# .8..
......8.###### ....
#......__@∩## ...8.
#.8........∩###
.....###.........@...##
#...###..........⌠#
#.<.# #..........⌠#
#...###..........⌠#
..###.............##
..8. .8........∩###
.... #......__.∩##


You could see Sigmund (invisible).

Vanquished Creatures
  An adder skeleton (D)
1 creature vanquished.

Notes
Turn   | Place    | Note
--------------------------------------------------------------
     0 | D        | Adamkad1 the Spriggan Conjurer began the quest for the Orb.
     0 | D        | Reached XP level 1. HP: 9/9 MP: 5/5
     1 | D        | Found a radiant altar of Vehumet.
     2 | D        | Found a shimmering altar of Xom.
     2 | D        | Found a burning altar of Makhleb.
     3 | D        | Found an opulent altar of Gozag.
     4 | D        | Found Wikunog's Distillery.
     4 | D        | Found a sacrificial altar of Ru.
     4 | D        | Found a snail-covered altar of Cheibriados.
     4 | D        | Found Figok's Do-It-Yourself Clinic.
     5 | D        | Found Sinin's Distillery.
     5 | D        | Found Giepurue's Bottled Wisdom.
     9 | D        | Round 1.
    11 | D        | Became a worshipper of Vehumet
   110 | D        | Noticed Sigmund
   138 | D        | Killed from afar by Sigmund

Vault maps used:
D:        arena_sprint

Action                   || total
-------------------------++-------
Melee: Unarmed           ||     3
 Cast: Magic Dart        ||     5
Evoke: Wand              ||     2
